Map: Rhoskallian LE

Players

Rednaxela - Winner!

  • Race: Protoss Protoss
  • League: Diamond
  • Spawn Location: 6:00

madCenosha - Winner!

  • Race: Terran Terran
  • League: Platinum
  • Spawn Location: 5:00

qqq

  • Race: Zerg Zerg
  • League: Platinum
  • Spawn Location: 12:00

Massa

  • Race: Terran Terran
  • League: Platinum
  • Spawn Location: 11:00

VOD

Have the link to the VOD?

Description

Time

  • Played on: Jan. 4, 2021, 3:45 p.m.
  • Length: 6:50
Show
View Real Time Build Order
Export as new Build Order

Rednaxela Protoss - Winner!

Build Orders: Blink Stalkers 

Get SALT Encoding   

  12  0:00  Probe  
  13  0:13  Probe  
  14  0:20  Pylon  
  14  0:25  Probe  
  15  0:38  Probe  
  15  0:40  Gateway  
  16  0:45  Assimilator  
  16  0:50  Probe  
  17  1:02  Assimilator  
  17  1:03  Probe (Chrono Boost)  
  18  1:15  Probe (Chrono Boost)  
  19  1:20  Probe (Chrono Boost)  
  20  1:29  Probe (Chrono Boost), Cybernetics Core  
  20  1:41  Probe (Chrono Boost)  
  20  1:43  Pylon  
  21  1:49  Probe (Chrono Boost)  
  22  2:06  Twilight Council, Warp Gate (Chrono Boost)  
  22  2:07  Stalker  
  24  2:11  Probe  
  25  2:23  Probe  
  25  2:26  Robotics Facility  
  26  2:35  Probe  
  27  2:39  Pylon  
  29  2:50  Blink (Chrono Boost)  
  27  3:01  Stalker  
  29  3:08  Gateway  
  29  3:10  Gateway  
  29  3:15  Observer  
  30  3:25  Gateway  
  30  3:38  Pylon  
  30  3:44  Immortal  
  34  3:52  Stalker  
  36  4:05  Stalker  
  36  4:09  Stalker  
  40  4:23  Warp Prism (Chrono Boost)  
  42  4:38  Pylon  
  42  4:39  Pylon  
  40  5:08  Observer  
  41  5:18  Stalker x3  
  41  5:19  Stalker  
  49  6:00  Stalker x4  
  55  6:26  Stalker x4  
Show
View Real Time Build Order
Export as new Build Order

madCenosha Terran - Winner!

Build Orders:  

Get SALT Encoding   

  12  0:03  SCV  
  13  0:15  SCV  
  13  0:19  Supply Depot  
  14  0:28  SCV  
  15  0:41  SCV  
  16  0:43  Barracks  
  16  0:54  SCV  
  16  0:56  Refinery  
  17  1:06  SCV  
  18  1:18  SCV  
  19  1:21  Refinery  
  19  1:29  Barracks  
  19  1:31  Marine  
  20  1:35  Supply Depot  
  20  1:44  Orbital Command  
  20  1:56  Marine  
  21  2:15  SCV  
  22  2:17  Barracks Tech Lab  
  22  2:20  Factory  
  22  2:23  Barracks Tech Lab  
  22  2:29  SCV  
  23  2:38  Marauder  
  23  2:41  SCV  
  23  2:42  Marine  
  27  2:44  Concussive Shells  
  27  2:46  Combat Shield  
  27  2:53  SCV  
  27  2:56  Supply Depot  
  28  3:08  Starport  
  28  3:10  Widow Mine  
  30  3:14  Marine  
  30  3:18  Marine  
  32  3:20  Supply Depot  
  32  3:29  Supply Depot  
  32  3:30  Stimpack  
  32  3:36  Marine x2  
  32  3:40  SCV  
  35  3:44  Medivac  
  35  3:47  Factory Reactor  
  37  3:52  SCV  
  38  4:01  Marine x2  
  40  4:10  SCV  
  40  4:14  Supply Depot  
  40  4:16  Engineering Bay  
  41  4:27  Liberator  
  41  4:29  Widow Mine  
  41  4:30  SCV  
  47  4:36  Widow Mine  
  49  4:41  Supply Depot  
  48  4:59  Marauder, Marine  
  51  5:06  Widow Mine x2  
  55  5:13  Barracks  
  55  5:17  Marauder  
  55  5:20  Marine  
  57  5:38  Marine  
  58  5:44  Marauder  
  58  5:45  Widow Mine  
  62  5:56  Marine  
  63  6:14  Widow Mine  
  63  6:16  Marine  
  63  6:18  Medivac  
  63  6:19  Marauder  
Show
View Real Time Build Order
Export as new Build Order

qqq Zerg 

Build Orders: Hatch First 

Get SALT Encoding   

  12  0:00  Drone  
  13  0:08  Drone  
  14  0:19  Overlord  
  14  0:44  Hatchery  
  14  0:49  Drone  
  14  0:52  Drone  
  15  0:57  Drone  
  16  1:22  Drone  
  16  1:25  Extractor, Drone, Spawning Pool  
  16  1:26  Drone  
  17  1:37  Drone  
  18  1:53  Drone  
  19  2:00  Drone  
  20  2:05  Drone  
  20  2:07  Drone  
  22  2:13  Queen  
  22  2:14  Queen  
  25  2:16  Drone  
  25  2:17  Zergling x2  
  27  2:27  Drone  
  28  2:30  Overlord  
  28  2:40  Overlord  
  28  2:42  Metabolic Boost  
  28  2:47  Evolution Chamber  
  28  2:49  Drone  
  28  2:51  Drone  
  29  2:53  Drone  
  29  2:56  Drone  
  31  3:02  Zergling x2  
  32  3:07  Drone, Baneling Nest  
  32  3:10  Zergling x2  
  33  3:15  Drone  
  34  3:25  Zergling x2  
  34  3:26  Zergling x4, Overlord  
  37  3:28  Drone  
  38  3:38  Zerg Melee Weapons Level 1  
  38  3:41  Drone x3, Extractor  
  41  3:47  Zergling x2  
  41  3:48  Zergling x2  
  42  3:53  Drone  
  43  4:00  Baneling  
  43  4:08  Zergling x2  
  43  4:09  Drone  
  44  4:13  Baneling x2  
  44  4:15  Drone  
  45  4:21  Drone x3  
  45  4:22  Hatchery, Zergling x2  
  45  4:23  Zergling x2  
  49  4:26  Overlord  
  49  4:32  Drone, Zergling x2  
  49  4:38  Lair  
  51  4:41  Overlord  
  51  4:58  Drone x2  
  53  5:00  Zergling x2, Overlord  
  54  5:14  Drone x2  
  56  5:15  Zergling x8, Evolution Chamber  
  51  5:40  Zergling x8  
  51  5:41  Zergling x12  
  50  6:00  Zergling x4  
  50  6:01  Drone x3  
  55  6:09  Zergling x4  
  55  6:10  Zergling x4  
  48  6:19  Zergling x2  
  48  6:20  Zergling x10  
  50  6:27  Zergling x4  
Show
View Real Time Build Order
Export as new Build Order

Massa Terran 

Build Orders: 2 Factory 

Get SALT Encoding   

  12  0:00  SCV  
  13  0:18  SCV  
  13  0:20  Supply Depot  
  14  0:30  SCV  
  15  0:42  SCV  
  16  0:43  Barracks  
  16  0:54  SCV  
  16  0:55  Refinery  
  17  1:06  SCV  
  18  1:25  SCV  
  19  1:37  SCV  
  20  1:42  Command Center  
  20  1:44  Refinery  
  20  1:46  Reaper  
  21  1:49  SCV  
  22  1:54  Supply Depot  
  22  2:05  Orbital Command  
  22  2:29  Factory  
  22  2:35  Factory  
  22  2:39  Barracks Tech Lab  
  22  2:43  SCV  
  23  2:55  SCV  
  23  2:56  Orbital Command  
  24  3:08  Barracks Reactor  
  24  3:15  Supply Depot  
  24  3:22  Starport  
  24  3:23  Engineering Bay  
  24  3:28  Widow Mine  
  24  3:29  Widow Mine  
  24  3:33  SCV  
  29  3:36  SCV  
  30  3:43  Starport  
  30  3:49  Widow Mine  
  30  3:51  Widow Mine  
  34  3:56  Marine x2  
  34  3:59  SCV  
  37  4:06  Starport Tech Lab  
  37  4:12  Supply Depot  
  37  4:22  Refinery  
  37  4:23  SCV x2  
  39  4:25  Refinery  
  39  4:28  Barracks Tech Lab  
  39  4:33  Liberator  
  39  4:34  Viking  
  39  4:35  SCV x2  
  46  4:47  SCV  
  45  4:55  Siege Tank  
  45  4:58  Widow Mine  
  46  5:00  SCV x2  
  46  5:10  Marine  
  46  5:12  SCV  
  48  5:14  Supply Depot  
  48  5:16  Liberator  
  51  5:27  Widow Mine, Marine  
  54  5:41  SCV x2  
  56  5:45  Marine  
  57  5:53  SCV x2  
  59  6:07  Marine  
  59  6:25  Marine  
  60  6:32  Barracks  
  60  6:33  Barracks  
  60  6:34  Barracks  
  60  6:37  Barracks  
Tags
 
Add a new tag
Caveats
  • Supply blocks, unpowered buildings, or Contaminate may cause inaccurate times.
  • Supply counts are checked every 10 seconds.